 Dungeon Crawl Stone Soup version 0.15-a0-756-g319e367 (console) character file.

3313 Surgery the Gouger (level 9, 0/37 HPs)
             Began as a Felid Berserker on May 12, 2014.
             Was a Priest of Trog.
             Slain by a wyvern (16 damage)
             ... on Level 10 of the Dungeon.
             The game lasted 00:12:24 (2183 turns).

Surgery the Gouger (Felid Berserker)                Turns: 2183, Time: 00:12:24

HP   0/37        AC  2     Str 13      XL: 9   Next: 70%
MP  15/15        EV 28     Int  9      God: Trog [***...]
Gold 361         SH  0     Dex 18      Spells:  0 memorised,  8 levels left
Lives: 0, deaths: 2

rFire  . . .     SeeInvis +       - Unarmed
rCold  . . .     Clarity  .     (armour unavailable)
rNeg   . . .     Conserve .     (shield unavailable)
rPois  .         rCorr    .     (helmet unavailable)
rElec  .         rRot     .     (cloak unavailable)
SustAb . .       Spirit   .     (gloves unavailable)
rMut   .         Warding  .     (boots unavailable)
Gourm  .         Stasis   .     (no amulet)
MR     +....                    (no ring)
                                b - cursed ring of loudness

@: bribing [], quick, somewhat resistant to hostile enchantments, very
unstealthy
A: paw claws, no armour, no weapons or thrown items, fangs 3, see invisible,
carnivore 3, speed 1, shaggy fur 2, slow metabolism 1, jump 2
a: Jump Attack, Burn Spellbooks, Berserk, Trog's Hand, Renounce Religion


You were on level 10 of the Dungeon.
You worshipped Trog.
Trog was most pleased with you.
You were not hungry.

You visited 1 branch of the dungeon, and saw 10 of its levels.
You also visited: Ossuary.

You collected 471 gold pieces.
You spent 110 gold pieces at shops.

Inventory:

Magical devices
 d - a wand of polymorph (7)
 m - a wand of fireball (3)
 n - a wand of random effects (12)
Comestibles
 c - 3 meat rations
Scrolls
 a - a scroll of remove curse
 e - 2 scrolls of teleportation
 l - a scroll of amnesia
Jewellery
 b - a cursed ring of loudness (left paw)
Potions
 f - 5 potions of curing
 g - 3 potions of resistance {unknown}
 h - 3 potions of heal wounds {unknown}
 i - 2 potions of flight {unknown}
 j - a potion of magic
 p - a potion of might
 q - a potion of poison {unknown}
Books
 k - a book of Death

   Spells                             Type                      Level
   Corpse Rot                         Necromancy                   2
   Sublimation of Blood               Necromancy                   2
   Agony                              Necromancy                   5
   Dispel Undead                      Necromancy                   5
   Excruciating Wounds                Charms/Necromancy            5
   Bolt of Draining                   Conjuration/Necromancy       5
   Trog disapproves of the use of such an item.
 o - a book of Flames

   Spells                             Type                      Level
   Flame Tongue                       Conjuration/Fire             1
   Throw Flame                        Conjuration/Fire             2
   Conjure Flame                      Conjuration/Fire             3
   Inner Flame                        Hexes/Fire                   3
   Sticky Flame                       Conjuration/Fire             4
   Fireball                           Conjuration/Fire             5
   Trog disapproves of the use of such an item.


   Skills:
 - Level 3.0 Fighting
 + Level 11.4 Dodging
 * Level 11.8 Unarmed Combat


You had 8 spell levels left.
You didn't know any spells.

Dungeon Overview and Level Annotations

Branches:
Dungeon (10/15)
 Temple: D:4-7          Orc: D:9-12        Lair: D:8-11

Altars:

Shops:
D:9 %


Innate Abilities, Weirdness & Mutations

You cannot wear armour.
You are incapable of wielding weapons or throwing items.
Your paws have sharp claws.
You have razor-sharp teeth.
You have supernaturally acute eyesight.
You are carnivorous and can eat meat at any time.
You cover ground quickly.
You are covered in thick fur (AC +2).
You have a slow metabolism.
You can jump attack at a medium distance.


Message History

The orc corpse is consumed in a column of flame.
Trog is most pleased with you.
There is a stone staircase leading down here.
You climb downwards.
Found an escape hatch in the floor.
There is a stone staircase leading up here.
A wyvern comes into view.
There is an escape hatch in the floor here.
You scratch the wyvern.
The wyvern begins to bleed from its wounds!
Your punch misses the wyvern.
The wyvern is lightly wounded.
The wyvern bites you.
You claw the wyvern!
The wyvern is moderately wounded.
The wyvern closely misses you.
You closely miss the wyvern.
The wyvern is moderately wounded.
The wyvern completely misses you. The wyvern bites you!
You die...

# #####.## ##
##......# #..
#.<....##
##..##.......#
#....#....#....
#..D@.........
##....#.......
#............
#.............
##...........
...........
##.##.#..#. ##
##.... #


You could see a wyvern (bleeding).

Vanquished Creatures
  Erolcha (D:9)
  Pikel (D:9)
  Maurice (D:9)
  An orc warrior (D:9)
  6 yaks (D:9)
  A water moccasin (D:9)
  A black bear (D:9)
  A sky beast (D:6)
  3 ice beasts
  A big kobold (D:9)
  Duvessa (D:8)
  5 killer bees (D:9)
  Dowan (D:8)
  A crimson imp (D:9)
  3 hounds
  A centaur skeleton (D:4)
  A giant frog skeleton (D:6)
  2 worker ants (D:5)
  Natasha (thrice) (D:3)
  2 iguanas
  Ijyb (D:3)
  9 mummies
  4 gnolls (D:5)
  An adder (D:3)
  A giant mite (D:5)
  3 worms
  An adder zombie (D:5)
  2 giant geckos
  10 orcs
  A giant mite zombie (D:5)
  8 goblins
  4 hobgoblins
  6 jackals
  5 kobolds
  3 giant newts (D:2)
  5 hobgoblin zombies (Ossuary)
  5 orc zombies
  A quokka (D:5)
  3 rats
  2 ballistomycetes (D:9)
112 creatures vanquished.

Vanquished Creatures (others)
  3 slaves (D:9)
  An ogre (D:9)
  A killer bee (D:9)
  A worker ant (D:9)
  An orc (D:9)
  A kobold (D:9)
  A giant spore (D:9)
9 creatures vanquished.

Grand Total: 121 creatures vanquished

Notes
Turn   | Place    | Note
--------------------------------------------------------------
     0 | D:1      | Surgery, the Felid Berserker, began the quest for the Orb.
     0 | D:1      | Reached XP level 1. HP: 10/10 MP: 2/2
    30 | D:1      | You fall through a shaft!
    45 | D:2      | Reached XP level 2. HP: 14/14 MP: 3/3
   109 | D:3      | Noticed Natasha
   114 | D:3      | Killed Natasha
   114 | D:3      | Reached XP level 3. HP: 17/17 MP: 5/5
   351 | D:3      | Acquired Trog's second power
   351 | D:3      | Reached skill level 5 in Dodging
   438 | D:3      | Noticed Natasha
   446 | D:3      | Killed Natasha
   446 | D:3      | Reached XP level 4. HP: 8/21 MP: 7/7
   456 | D:3      | Noticed Ijyb
   477 | D:3      | Noticed Natasha
   492 | D:3      | Killed Ijyb
   496 | D:3      | Killed Natasha
   579 | D:4      | Noticed a phantom
   583 | D:4      | Slain by a phantom
   584 | D:4      | Reached XP level 3. HP: -2/17 MP: 5/5
   595 | D:5      | Entered Level 5 of the Dungeon
   615 | D:4      | Reached XP level 4. HP: 17/21 MP: 7/7
   685 | D:5      | Noticed an ice beast
   691 | D:5      | Killed an ice beast
   691 | D:5      | Reached skill level 6 in Dodging
   691 | D:5      | Reached skill level 5 in Unarmed Combat
   691 | D:5      | Reached XP level 5. HP: 24/24 MP: 8/8
   812 | D:5      | Gained mutation: You are covered in thick fur (AC +2). [growing up]
   812 | D:5      | Gained mutation: You can jump attack at a medium distance. [growing up]
   812 | D:5      | Reached XP level 6. HP: 2/28 MP: 10/10
  1106 | D:5      | Noticed an ice beast
  1111 | D:5      | Killed an ice beast
  1111 | D:5      | Reached skill level 7 in Dodging
  1111 | D:5      | Reached XP level 7. HP: 31/31 MP: 12/12
  1257 | D:8      | Found a sand-covered staircase.
  1270 | Ossuary  | Entered an ossuary
  1535 | D:9      | Noticed Erolcha
  1556 | D:9      | Reached skill level 8 in Dodging
  1573 | D:9      | HP: 1/46 [Erolcha/bolt of lightning (30)]
  1573 | D:9      | Killed from afar by Erolcha
  1574 | D:9      | Reached XP level 6. HP: -23/42 MP: 10/10
  1574 | D:9      | Noticed Pikel
  1584 | D:9      | Killed Pikel
  1584 | D:9      | Reached skill level 9 in Dodging
  1584 | D:9      | Reached XP level 7. HP: 4/31 MP: 12/12
  1690 | D:9      | Reached XP level 8. HP: 20/34 MP: 13/13
  1722 | D:9      | Killed Erolcha
  1722 | D:9      | Reached skill level 10 in Unarmed Combat
  1779 | D:9      | Noticed Maurice
  1804 | D:9      | Killed Maurice
  1804 | D:9      | Reached skill level 10 in Dodging
  1804 | D:9      | Reached XP level 9. HP: 33/37 MP: 15/15
  1832 | D:8      | Noticed Duvessa
  1833 | D:8      | Noticed Dowan
  1840 | D:8      | Killed Duvessa
  1842 | D:8      | Killed Dowan
  1935 | D:9      | Noticed a yak
  1936 | D:9      | Noticed a yak
  1937 | D:9      | Noticed a yak
  1937 | D:9      | Noticed a yak
  1937 | D:9      | Noticed a yak
  1939 | D:9      | Noticed a yak
  1948 | D:9      | Killed a yak
  1948 | D:9      | Reached skill level 11 in Unarmed Combat
  1955 | D:9      | Killed a yak
  1962 | D:9      | Killed a yak
  1966 | D:9      | Killed a yak
  1971 | D:9      | Killed a yak
  1976 | D:9      | Killed a yak
  2101 | D:9      | Found Ipimn's Food Boutique.
  2141 | D:9      | Bought a meat ration for 55 gold pieces
  2141 | D:9      | Bought a meat ration for 55 gold pieces
  2177 | D:10     | Entered Level 10 of the Dungeon
  2183 | D:10     | Slain by a wyvern

Action                   |  1- 3 |  4- 6 |  7- 9 || total
-------------------------+-------+-------+-------++-------
Melee: Unarmed           |    50 |   105 |   263 ||   418
Invok: Berserk           |     5 |     5 |     6 ||    16
       Trog's Hand       |     1 |     1 |     6 ||     8
Evoke: Wand              |       |       |     2 ||     2
  Use: Potion            |     1 |     1 |     3 ||     5
       Scroll            |       |     6 |     4 ||    10
 Stab: Sleeping          |     1 |     1 |       ||     2
